 Dungeon Crawl Stone Soup version 0.28-a0-938-gbc3f381ebc (webtiles) character file.

Game seed: 18062220397386817051

103 enile the Skirmisher (level 4, -3/41 HPs)
             Began as a Ghoul Monk on Nov 28, 2021.
             Was a Believer of Cheibriados.
             Slain by Natasha (4 damage)
             ... on level 3 of the Dungeon.
             The game lasted 00:05:06 (2275 turns).

enile the Skirmisher (Ghoul Monk)                   Turns: 2275, Time: 00:05:08

Health: -3/41      AC:  2    Str: 20 (21) XL:     4   Next: 79%
Magic:  3/3        EV: 13    Int: 10 (11) God:    Cheibriados [**....]
Gold:   65         SH:  0    Dex: 17      Spells: 3/3 levels left

rFire   . . .      SeeInvis .     - Unarmed
rCold   + . .      Faith    .   (no shield)
rNeg    + + +      Spirit   .   a - +0 robe
rPois   ∞          Reflect  .   (no helmet)
rElec   .          Harm     .   (no cloak)
rCorr   .          Rampage  .   (no gloves)
Will    .....                   (no boots)
Stlth   ++........              (no amulet)
HPRegen 0.00/turn               (no ring)
MPRegen 0.08/turn               (no ring)

@: brilliant, inhibited regen, slowed, very slow
A: claws 1, cold resistance 1, negative energy resistance 3, inhibited
regeneration, torment resistance 2
a: Renounce Religion, Bend Time


You were on level 3 of the Dungeon.
You worshipped Cheibriados.
Cheibriados was pleased with you.
You visited 1 branch of the dungeon, and saw 3 of its levels.

You collected 65 gold pieces.

Inventory:

Hand Weapons
 f - a +0 spear
 l - a +0 short sword
Missiles
 c - 58 stones (quivered)
Armour
 a - a +0 robe (worn)
Scrolls
 d - a scroll of vulnerability {unknown}
Potions
 g - a potion of brilliance
 h - a potion of mutation
 i - 3 potions of curing {unknown}
 j - 2 potions of haste {unknown}
 k - a potion of degeneration {unknown}


   Skills:
 + Level 4.6 Fighting
 - Level 1.0 Throwing
 - Level 3.0 Dodging
 - Level 3.0 Stealth
 - Level 4.0 Unarmed Combat


You had 3 spell levels left.
You didn't know any spells.
Your spell library contained the following spells:

 Spells                   Type           Power      Damage    Failure   Level
 Frozen Ramparts          Ice            0%         1d2       75%         3
 Summon Ice Beast         Ice/Summ       0%         N/A       98%         4
 Ice Form                 Ice/Tmut       Unusable   N/A       N/A         4

Dungeon Overview and Level Annotations

Branches:
Dungeon (3/15)

Altars:
Cheibriados

Annotations:
D:3 Natasha


Innate Abilities, Weirdness & Mutations

You thrive by killing the living.
You are immune to poison.
You have sharp fingernails.
Your flesh is cold resistant. (rC+)
You are immune to negative energy. (rN+++)
You do not regenerate when monsters are visible.
You are immune to unholy pain and torment.


Message History

Natasha mumbles some strange words.
The crimson imp closely misses you.
You closely miss Natasha.
Natasha is lightly wounded.
Natasha claws you. The crimson imp barely misses you.
You closely miss Natasha.
Natasha is lightly wounded.
You feel a little less mighty now. Natasha completely misses you.
The crimson imp hits you.
* * * LOW HITPOINT WARNING * * *
Natasha growls.
Natasha stares at you and mumbles some strange words.
You resist with some effort.
The crimson imp hits you but does no damage.
Natasha mewls in sadness.
The crimson imp blinks!
Natasha howls an incantation.
Natasha shimmers violently.
Natasha casts a spell at you.
You feel yourself slow down. Natasha closely misses you.
You scratch Natasha.
Natasha is moderately wounded.
The crimson imp blinks!
Natasha claws you.
* * * LOW HITPOINT WARNING * * *
It was a potion of magic.
Magic courses through your body. Natasha barely misses you. Natasha claws you.
* * * LOW HITPOINT WARNING * * *
Okay, then.
It was a potion of brilliance.
You feel clever all of a sudden.
Natasha mumbles some strange words.
It was a potion of mutation.
You feel extremely strange.
Your body decomposes!
You feel weakened.
Your body decomposes!
You feel dopey.
Natasha growls.
Natasha claws you.
You die...

#†# #.##.##.# #.#
#.......# #.# #....#
#.# # #)##.# #.#
#.##.##.# ..########
#....5..#
.##......#########.####
.##.##.......#####.#
.##.##.#.###....@h5#
.......#.# #########
###.####.# #... ..#
########


You could see an iron imp (summoned) and Natasha.

Vanquished Creatures
  Jessica (D:3)
  Natasha (D:3)
  An adder (D:2)
  A dart slug (D:1)
  7 endoplasms
  5 goblins
  5 hobgoblins
  3 quokkas
  5 ball pythons
  3 bats
  2 kobolds (D:2)
  A quokka skeleton (D:2)
  4 rats
39 creatures vanquished.

Notes
Turn   | Place    | Note
-------+----------+-------------------------------------------
     0 | D:1      | enile the Ghoul Monk began the quest for the Orb.
     0 | D:1      | Reached XP level 1. HP: 19/19 MP: 0/0
   539 | D:1      | Reached XP level 2. HP: 26/26 MP: 1/1
   988 | D:1      | Reached XP level 3. HP: 33/33 MP: 2/2
  2028 | D:2      | Reached skill level 1 in Throwing
  2142 | D:2      | Found a faded altar of an unknown god.
  2153 | D:2      | Prayed at the altar of an unknown god.
  2153 | D:2      | Became a worshipper of Cheibriados the Contemplative
  2153 | D:2      | Reached * piety under Cheibriados
  2153 | D:2      | Reached ** piety under Cheibriados
  2212 | D:3      | Noticed Natasha
  2220 | D:3      | Killed Natasha
  2221 | D:3      | Reached XP level 4. HP: 27/40 MP: 3/3
  2255 | D:3      | Noticed Jessica
  2256 | D:3      | Noticed Natasha
  2261 | D:3      | Killed Jessica
  2273 | D:3      | HP: 1/41 [Natasha (6)]
  2275 | D:3      | Slain by Natasha

Illustrated notes

Levels and vault maps discovered:
D:1:      dpeg_arrival_castle, layout_basic, serial_bayou_pond_c, minivault_23,
          serial_bayou_pond_a, nrook_campfire, hangedman_decor_growths,
          minmay_tromino_v4_c
D:2:      layout_loops_ring, hellmonk_ecumenical_altar_prayer_group
D:3:      layout_loops_cross, gup_sewer_entry_bubbles, uniq_natasha,
          uniq_jessica, uniq_grinder

Skill      XL: |  1  2  3 |
---------------+----------+-----
Dodging        | 3 |  3.0
Fighting       | 4 |  4.6
Unarmed Combat | 4 |  4.0
Throwing       | 1 |  1.0
Stealth        | 3 |  3.0

Action                   |  1- 3 |  4- 6 || total
-------------------------+-------+-------++-------
Melee: Unarmed           |   106 |     5 ||   111
Throw: Stone             |    32 |       ||    32
  Use: Potion            |     1 |     3 ||     4
 Stab: Sleeping          |     7 |       ||     7
Armor: Robe              |     9 |     2 ||    11
Dodge: Dodged            |    52 |     6 ||    58

Table legend: (Time is in decaauts)
 A = Elapsed time spent in this place.
 B = Non-inter-level travel time spent in this place.
 C = Inter-level travel time spent in this place.
 D = Time resting spent in this place.
 E = Time spent auto-exploring this place.
 F = Levels seen in this place.
 G = Mean time per level.
                   A        B        C        D        E       F      G
               +--------+--------+--------+--------+--------+-----+--------+
         Total |   2333 |   2203 |    130 |     92 |   1640 |   3 |  777.7 |
       Dungeon |   2333 |   2203 |    130 |     92 |   1640 |   3 |  777.7 |
               +--------+--------+--------+--------+--------+-----+--------+

Top non-repeatable levels by time:
     D:1: 1288 daAuts
     D:2: 950 daAuts
     D:3: 94 daAuts
